 Dungeon Crawl Stone Soup version 0.26.1-2-gb8aa6d0cf2 (webtiles) character file.

Game seed: 1551773180917263057

72 PentaManta the Chopper (level 4, 24/30 HPs)
             Began as a Halfling Abyssal Knight on Feb 9, 2021.
             Was a Follower of Lugonu.
             Got out of the dungeon alive.
             The game lasted 00:03:13 (1961 turns).

PentaManta the Chopper (Halfling Abyssal Knight)    Turns: 1961, Time: 00:03:14

Health: 24/30      AC:  3    Str: 14    XL:     4   Next: 48%
Magic:  5/5        EV: 13    Int: 10    God:    Lugonu [*.....]
Gold:   73         SH:  0    Dex: 13    Spells: 3/3 levels left

rFire    . . .     SeeInvis .   h - +0 whip
rCold    . . .     Faith    .   (shield restricted)
rNeg     . . .     Spirit   .   b - +0 leather armour
rPois    .         Reflect  .   (no helmet)
rElec    .         Harm     .   (no cloak)
rCorr    .         Rampage  .   (no gloves)
Will     .....                  (no boots)
Stlth    +.........             (no amulet)
HPRegen  0.10/turn              c - ring of flight
MPRegen  0.09/turn              (no ring)

@: no status effects
A: small, mutation resistance 1
a: Renounce Religion, Evoke Flight, Depart the Abyss


You escaped.
You worshipped Lugonu.
Lugonu was aware of your devotion.
You visited 1 branch of the dungeon, and saw 2 of its levels.
You visited the Abyss 1 time.

You collected 73 gold pieces.

Inventory:

Hand Weapons
 a - a +1 hand axe
 h - a +0 whip (weapon)
 i - a +0 dagger of speed
Armour
 b - a +0 leather armour (worn)
Jewellery
 c - a ring of flight (left hand)
Scrolls
 d - a scroll of enchant weapon {unknown}
 e - a scroll of enchant armour {unknown}
 g - a scroll of remove curse {unknown}
 j - 2 scrolls of random uselessness {unknown}
Potions
 f - 2 potions of brilliance {unknown}


   Skills:
 - Level 2.6 Fighting
 + Level 4.4 Axes
 - Level 2.1 Armour
 - Level 1.1 Dodging
 - Level 2.0 Invocations


You had 3 spell levels left.
You didn't know any spells.
Your spell library was empty.

Dungeon Overview and Level Annotations

Branches:
Dungeon (2/15)

Altars:


Innate Abilities, Weirdness & Mutations

You are small and have problems with some larger weapons.
You are somewhat resistant to further mutation.


Message History

No target in view!
No target in view!
j - 2 scrolls labelled IWKENN ETOELEMOSMI
Things that are here:
a cursed -2 club; 7 stones; a +0 robe Key pressed, stopping travel.
You can't go up here!
Unknown command.
Unknown command.
Things that are here:
a cursed -2 club; 7 stones; a +0 robe
There is a stone staircase leading up here.
You climb upwards.
There is a stone staircase leading down here.
You see here 2 stones.
There is a staircase leading out of the dungeon here.
Are you sure you want to leave the Dungeon?
This will make you lose the game!
Alright, then stay!
Are you sure you want to leave the Dungeon?
This will make you lose the game!
You have escaped!

#####...##...........>##.....#
..........)....#.#..####.....#
...............#.#......)....# ##
...............#....####.....# #.
#####.###...###...### #.....###.
#.#.............# ##....)...
#.#.............## #.#####..
#....###...###...# #.#####..
#....#......@#...# #.##.....
#####....#.......#...####.##.##.#
......#.............#..##.##.##.#
.######......#......##.##.......#
.######.............#..####.#.###
.........#.......#.........###.#
...##....#>......#...######.#.##
.........###...###...# ##.##
.#.####.............## ###


There were no monsters in sight!

Vanquished Creatures
  3 adders
  2 oozes (D:2)
  2 dart slugs (D:1)
  3 leopard geckos (D:1)
  2 ball pythons (D:1)
  A giant cockroach (D:2)
  2 goblins (D:1)
  3 hobgoblins
  2 bats (D:1)
  3 frilled lizards
  5 kobolds
  8 rats
36 creatures vanquished.

Notes
Turn   | Place    | Note
-------+----------+-------------------------------------------
     0 | Abyss:1  | PentaManta the Halfling Abyssal Knight began the quest for
                  | the Orb.
     0 | Abyss:1  | Reached XP level 1. HP: 15/15 MP: 2/2
    50 | Abyss:1  | Noticed a neqoxec
    69 | Abyss:1  | Noticed a wretched star
    73 | D:1      | Escaped the Abyss
   254 | D:1      | Reached XP level 2. HP: 14/20 MP: 3/3
   257 | D:1      | Reached * piety under Lugonu
   292 | D:1      | Reached skill level 3 in Axes
   572 | D:1      | Reached XP level 3. HP: 23/25 MP: 4/4
  1523 | D:2      | Reached skill level 4 in Axes
  1523 | D:2      | Reached XP level 4. HP: 29/30 MP: 5/5
  1961 | D:$      | Got out of the dungeon alive.

Illustrated notes

Levels and vault maps discovered:
D:1:      minmay_arrival_open_corners, layout_loops_cross
D:2:      layout_loops_cross, grunt_dithmenos_smoke_and_mirrors,
          general_overflow_altar, serial_rivers, chequers_serial_rivers_small_3,
          chequers_serial_rivers_micro_e, chequers_serial_rivers_micro_d,
          chequers_serial_rivers_marsh, chequers_serial_rivers_micro_d,
          lemuel_statue_altar

Skill      XL: |  1  2  3 |
---------------+----------+-----
Axes           | 3 4 |  4.4
Fighting       | |  2.6
Armour         | |  2.1
Dodging        | |  1.1
Invocations    | |  2.0

Action                   |  1- 3 |  4- 6 || total
-------------------------+-------+-------++-------
Melee: Hand axe          |    56 |       ||    56
       Whip              |    39 |    38 ||    77
Invok: Depart the Abyss  |     1 |       ||     1
 Stab: Sleeping          |     1 |       ||     1
Armor: Leather armour    |    13 |    10 ||    23
Dodge: Dodged            |    69 |    34 ||   103
